 Dungeon Crawl Stone Soup version 0.24-a0-416-g56ce5178b7 (webtiles) character file.

Game seed: 6245460603982778913

31564 gruber the Nimble (level 13, -10/72 HPs)
             Began as a Deep Elf Wizard on June 9, 2019.
             Was an Elder of Vehumet.
             Killed from afar by a hell hog (37 damage)
             ... with a fireball
             ... in a Gauntlet.
             The game lasted 01:08:15 (21879 turns).

gruber the Nimble (Deep Elf Wizard)                Turns: 21879, Time: 01:08:16

Health: -10/72     AC: 12    Str:  4    XL:     13   Next: 26%
Magic:  30/30      EV: 19    Int: 34    God:    Vehumet [****..]
Gold:   1066       SH:  0    Dex: 13    Spells: 10/34 levels left

rFire    x . .     SeeInvis .   X - staff of energy
rCold    + . .     Gourm    .   (no shield)
rNeg     . . .     Faith    +   P - +0 steam dragon scales
rPois    .         Spirit   .   F - +0 helmet
rElec    .         Reflect  .   u - +0 cloak
rCorr    .         Harm     .   j - +1 pair of gloves
MR       +....     NoTele   +   Q - +0 pair of boots
Stlth    ++........             d - amulet of faith
HPRegen  0.22/turn              M - ring of ice
MPRegen  0.22/turn              i - +5 ring of intelligence

@: no status effects
A: no striking features
a: Renounce Religion


You were in a Gauntlet.
You worshipped Vehumet.
Vehumet was greatly pleased with you.
You were hungry.

You visited 3 branches of the dungeon, and saw 18 of its levels.
You also visited: Ossuary and Gauntlet.

You collected 1147 gold pieces.
You spent 81 gold pieces at shops.

Inventory:

Missiles
 a - 43 poisoned darts (quivered)
Armour
 j - a +1 pair of gloves (worn)
 u - a +0 cloak (worn)
 F - a +0 helmet (worn)
 P - +0 steam dragon scales (worn)
 Q - a +0 pair of boots (worn)
 U - a +0 troll leather armour
 W - a +0 buckler
Magical Staves
 X - an uncursed staff of energy (weapon)
 Y - an uncursed staff of power
Jewellery
 d - an amulet of faith (around neck)
 h - a +2 ring of slaying
 i - a +5 ring of intelligence (right hand)
 y - the ring of Contentment {rPois rF+ Dex+3, unknown}
   (You found it in a Gauntlet)

   [ring of poison resistance]

   It affects your dexterity (+3).
   It protects you from fire.
   It protects you from poison.
 K - an uncursed amulet of regeneration
 M - a ring of ice (left hand)
Wands
 o - a wand of random effects (17)
 N - a wand of polymorph (9)
 S - a wand of acid (3)
 T - a wand of digging (4)
 Z - a wand of disintegration (8)
Scrolls
 f - 3 scrolls of amnesia {unknown}
 l - 6 scrolls of immolation {unknown}
 m - 7 scrolls of magic mapping
 r - 4 scrolls of fear {unknown}
 t - 8 scrolls of remove curse
 v - 2 scrolls of noise {unknown}
 x - 6 scrolls of teleportation
 A - 2 scrolls of enchant armour {unknown}
 B - 3 scrolls of random uselessness
 C - a scroll of fog {unknown}
 D - 2 scrolls of blinking
 J - a scroll of enchant weapon {unknown}
 L - a scroll of brand weapon {unknown}
 R - 6 scrolls of identify
Potions
 c - 2 potions of resistance
 e - 6 potions of brilliance
 g - a potion of mutation
 k - 6 potions of curing
 n - a potion of heal wounds
 p - 5 potions of haste
 q - 2 potions of might
 s - 4 potions of agility
 w - 3 potions of ambrosia
 z - 2 potions of invisibility
 E - 3 potions of magic
 G - a potion of cancellation
 O - a potion of flight
Comestibles
 b - 3 rations


   Skills:
 - Level 5.2 Fighting
 - Level 5.0 Armour
 - Level 12.1 Dodging
 - Level 2.4 Stealth
 - Level 0.1 Shields
 - Level 11.0 Spellcasting
 + Level 11.9 Conjurations
 - Level 1.2 Summonings
 - Level 3.1 Translocations
 - Level 4.1 Fire Magic
 - Level 4.0 Air Magic
 - Level 9.0 Earth Magic
 - Level 4.0 Poison Magic
 - Level 7.1 Evocations


You had 10 spell levels left.
You knew the following spells:

 Your Spells              Type           Power        Failure   Level  Hunger
a - Magic Dart            Conj           ####         0%          1    None
b - Blink                 Tloc           N/A          1%          2    None
c - Call Imp              Summ           ####....     2%          2    None
d - Slow                  Hex            ###.....     3%          2    None
e - Conjure Flame         Conj/Fire      ######..     1%          3    None
f - Mephitic Cloud        Conj/Pois/Air  ######..     1%          3    None
g - Throw Flame           Conj/Fire      ######       1%          2    None
h - Stone Arrow           Conj/Erth      ######       1%          3    None
i - Bolt of Fire          Conj/Fire      ######....   4%          6    None

Your spell library contained the following spells:

 Spells                   Type           Power        Failure   Level  Hunger
 Irradiate                Conj/Tmut      ######....   1%          5    None
 Apportation              Tloc           #####.       1%          1    None
 Flame Tongue             Conj/Fire      #####        1%          1    None
 Sandblast                Erth           ######       1%          1    None
 Passwall                 Tmut/Erth      #####...     1%          2    None
 Shroud of Golubria       Chrm/Tloc      ####..       1%          2    None
 Gell's Gravitas          Tloc           #####.....   1%          3    None
 Lee's Rapid Deconstruct  Erth           ######....   1%          5    None
 Petrify                  Tmut/Erth      #####...     3%          4    None
 Cause Fear               Hex            ###.......   24%         4    None
 Dragon Form              Tmut           ###.......   100%        7    None
 Dragon's Call            Summ           ####......   100%        9    None


Dungeon Overview and Level Annotations

Branches:
Dungeon (15/15)            Temple (1/1) D:5            Lair (2/6) D:11
 Shoals (0/4) Lair:2       Spider (0/4) Lair:2          Orc (0/2) D:12
 Vaults (0/5) D:13
 Depths: D:15

Altars:
Ashenzari
Cheibriados
Dithmenos
Elyvilon
Fedhas
Gozag
Hepliaklqana
Kikubaaqudgha
Makhleb
Nemelex Xobeh
Okawaru
Qazlal
Ru
Sif Muna
Trog
Uskayaw
Vehumet
Wu Jian
Xom
The Shining One

Shops:
D:12 [(   D:14 *

Annotations:
D:5 3 runed translucent doors, p0werm0de's ghost, amateur DsWn
D:8 Joseph
D:10 1 runed translucent door, Defined's ghost, journeyman HOMo Gauntlet 11 transporters


Message History

You channel some magical energy.
You are feeling hungry.
Nothing appears to happen.
You channel some magical energy.
You feel slightly more hungry.
Nothing appears to happen.
You channel some magical energy.
You feel slightly more hungry.
You channel some magical energy.
You feel slightly more hungry.
You swap places.
You see here a hell hound corpse.
The hell hog breathes fire at you.
The fireball explodes!
The fireball engulfs you!!! The fire burns you terribly!
Ouch! That really hurt!
Your crimson imp blinks!
You see here a glowing scythe.
You see here a crude tin ring.
y - a crude tin ring The hell hog breathes fire at you.
The fireball explodes!
The fireball engulfs you!!! The fire burns you terribly!
Ouch! That really hurt!
You die...

.#######....≈8≈....#######.######
.#...........≈...........#.#.....
.###########...###########.#.....
.#y...≈.y.[#...##.#.####.#.#..###
.#y≈≈.≈≈^≈≈#...#....##.#.#.#..#8#
.#..≈≈..≈..#...#.##.#.#.##.#..###
.#....≈≈^≈.#...#(##.#.#..#.#..#
©#.≈≈.^≈..©#...#©.##.#.###©#..###
##≈.≈.≈≈^.)#...#@###..#.####..#8#
.#≈..≈^.≈.≈#...##).h#.##.#....###
.#.≈≈^.≈≈≈.#...#.#..##†#.#....#
.#..©≈≈...!#...##.###.©###..###
.###########...###########..#8#
.......#©#.......#©#........###
.......#.#..§∩≈..#.#.......≈#
########.#########.########## 8#
#≈............... #8#


You could see a hell hog.

Vanquished Creatures
  A vault guard (D:13)
  4 hydras
  A catoblepas (D:14)
  4 two-headed ogres
  Nergalle (D:11)
  3 skeletal warriors
  5 unseen horrors
  A wizard (Gauntlet)
  2 ugly things
  3 cyclopes
  An ice statue (Gauntlet)
  2 centaur zombies
  3 spiny frogs
  A black mamba (shapeshifter) (D:13)
  A gargoyle (D:10)
  2 komodo dragons
  2 rime drakes (Gauntlet)
  3 hornets
  5 trolls
  4 slime creatures (D:12)
  2 dream sheep (D:8)
  4 hippogriffs
  Sigmund (D:5)
  A wyvern (D:11)
  2 fire bats (Gauntlet)
  A redback (Lair:2)
  7 yaks
  A shadow (D:13)
  4 basilisks
  A hungry ghost (D:7)
  A steam dragon (D:11)
  Menkaure (D:7)
  A hell hound (Gauntlet)
  3 water moccasins
  A porcupine (Lair:2)
  2 ice beasts
  14 orc warriors
  2 sky beasts (D:8)
  2 black bears
  An eye of draining (D:10)
  8 ogres
  9 centaurs
  A necrophage (D:11)
  2 crocodiles
  3 big kobolds
  An elf zombie (Ossuary)
  8 bullfrogs
  4 scorpions
  15 killer bees
  A howler monkey (D:8)
  4 crimson imps
  2 bullfrog zombies
  A quasit (D:6)
  5 centaur skeletons
  5 orc wizards
  3 hounds
  3 human zombies (Ossuary)
  A jelly (D:8)
  5 orc priests
  2 iguanas
  12 worker ants
  2 hound skeletons
  4 mummies (Ossuary)
  A worker ant zombie (D:10)
  5 gnolls
  A howler monkey skeleton (D:10)
  14 adders
  5 shadow imps
  A white imp (Gauntlet)
  2 oozes (D:4)
  An adder skeleton (D:4)
  2 adder zombies
  2 worms
  2 dart slugs
  A leopard gecko (D:1)
  48 orcs
  5 giant cockroaches
  A gnoll zombie (Ossuary)
  4 goblins
  4 hobgoblins (D:1)
  A jackal (D:3)
  15 kobolds
  5 quokkas
  5 bats
  5 frilled lizards
  3 jackal zombies (Ossuary)
  A leopard gecko zombie (D:7)
  An orc zombie (Ossuary)
  A quokka zombie (D:7)
  4 rats
  A rat zombie (Ossuary)
343 creatures vanquished.

Vanquished Creatures (collateral kills)
  2 yaks (D:8)
  A big kobold (D:8)
  A killer bee (D:6)
  2 howler monkeys (D:8)
  2 crimson imps (D:5)
  A bullfrog zombie (D:5)
  An orc wizard (D:12)
  An iguana (D:6)
  4 gnolls
  2 adders
  An orc (D:5)
  A kobold zombie (Ossuary)
19 creatures vanquished.

Vanquished Creatures (others)
  An ugly thing (D:12)
  An ogre (D:6)
  A bullfrog (D:12)
  3 killer bees
  An adder (D:12)
  A shadow imp (D:6)
  4 orcs
12 creatures vanquished.

Grand Total: 374 creatures vanquished

Notes
Turn   | Place    | Note
-------+----------+-------------------------------------------
     0 | D:1      | gruber the Deep Elf Wizard began the quest for the Orb.
     0 | D:1      | Reached XP level 1. HP: 10/10 MP: 7/7
   119 | D:1      | Reached skill level 5 in Spellcasting
   135 | D:1      | Reached XP level 2. HP: 6/15 MP: 0/10
   707 | D:1      | Reached XP level 3. HP: 19/19 MP: 3/12
   830 | D:1      | Learned a level 2 spell: Blink
   833 | D:1      | Learned a level 2 spell: Call Imp
   836 | D:1      | Learned a level 2 spell: Slow
   840 | D:1      | Learned a level 3 spell: Conjure Flame
   844 | D:1      | Learned a level 3 spell: Mephitic Cloud
  1372 | D:2      | Found a hazy altar of Hepliaklqana.
  1372 | D:2      | Found a snail-covered altar of Cheibriados.
  1379 | D:2      | Reached XP level 4. HP: 22/24 MP: 6/14
  1384 | D:2      | Found a sacrificial altar of Ru.
  1386 | D:2      | Found a deep blue altar of Sif Muna.
  1388 | D:2      | Found a burning altar of Makhleb.
  1406 | D:2      | Found a sparkling altar of Nemelex Xobeh.
  1534 | D:2      | Found a white marble altar of Elyvilon.
  2749 | D:4      | Reached XP level 5. HP: 28/28 MP: 3/16
  3564 | D:4      | Noticed an ogre
  3578 | D:4      | Killed an ogre
  3578 | D:4      | Reached skill level 5 in Conjurations
  3578 | D:4      | Reached XP level 6. HP: 32/32 MP: 9/18
  3708 | D:5      | Entered Level 5 of the Dungeon
  3946 | D:5      | Noticed Sigmund
  4013 | D:5      | Killed Sigmund
  4013 | D:5      | Reached skill level 1 in Air Magic
  4013 | D:5      | Reached skill level 1 in Poison Magic
  4013 | D:5      | Reached XP level 7. HP: 36/36 MP: 0/19
  4113 | D:5      | Found a runed translucent gate.
  4113 | D:5      | Found a runed translucent gate.
  4115 | D:5      | Found a runed translucent gate.
  4116 | D:5      | Noticed p0werm0de's ghost (amateur DsWn)
  4517 | D:5      | Found a blossoming altar of Fedhas.
  4517 | D:5      | Found an ancient bone altar of Kikubaaqudgha.
  4865 | D:5      | Found a staircase to the Ecumenical Temple.
  4878 | D:5      | Reached XP level 8. HP: 41/41 MP: 13/20
  4925 | Temple   | Entered the Ecumenical Temple
  5007 | Temple   | Became a worshipper of Vehumet
  5275 | D:6      | Found a shattered altar of Ashenzari.
  5341 | D:6      | Found a shimmering altar of Xom.
  5552 | D:6      | Found a sand-covered staircase.
  5563 | Ossuary  | Entered an ossuary
  6887 | D:7      | Reached skill level 1 in Fire Magic
  6895 | D:7      | Reached * piety under Vehumet
  6895 | D:7      | Offered knowledge of Sting by Vehumet.
  7407 | D:7      | Found a shadowy altar of Dithmenos.
  7413 | D:7      | Noticed Menkaure
  7429 | D:7      | Killed Menkaure
  7429 | D:7      | Reached XP level 9. HP: 42/45 MP: 11/23
  7691 | D:7      | Identified the Volume of the Blaze and the Voyage
  8012 | D:8      | Noticed Joseph
  8471 | D:8      | Noticed a two-headed hydra
  8779 | D:8      | Reached skill level 3 in Dodging
  8805 | D:8      | Reached skill level 1 in Fighting
  9106 | D:8      | Killed a two-headed hydra
  9106 | D:8      | Reached ** piety under Vehumet
  9106 | D:8      | Offered knowledge of Flame Tongue by Vehumet.
  9106 | D:8      | Reached skill level 5 in Dodging
  9110 | D:8      | Learned a level 2 spell: Throw Flame
  9360 | D:8      | Reached skill level 6 in Dodging
  9360 | D:8      | Reached XP level 10. HP: 33/56 MP: 1/25
 10174 | D:9      | Noticed a two-headed ogre
 10295 | D:9      | HP: 2/57 [two-headed ogre/+0 giant club (15)]
 10297 | D:9      | Killed a two-headed ogre
 10297 | D:9      | Reached skill level 5 in Fighting
 11568 | D:10     | Entered Level 10 of the Dungeon
 11573 | D:10     | Noticed a gargoyle
 11613 | D:9      | Learned a level 3 spell: Stone Arrow
 11702 | D:10     | Noticed a two-headed ogre
 11710 | D:10     | Killed a two-headed ogre
 11710 | D:10     | Reached skill level 10 in Spellcasting
 11710 | D:10     | Reached skill level 10 in Conjurations
 11756 | D:10     | Reached skill level 1 in Earth Magic
 12216 | D:10     | Killed a gargoyle
 12216 | D:10     | Reached skill level 5 in Earth Magic
 12285 | D:10     | Identified the +5 halberd "Jaigraw" {venom, Dex+5}
 12485 | D:10     | Offered knowledge of Static Discharge by Vehumet.
 12492 | D:10     | Reached XP level 11. HP: 64/64 MP: 8/27
 12784 | D:10     | Found a runed translucent door.
 12799 | D:10     | Reached *** piety under Vehumet
 13036 | D:10     | Noticed Defined's ghost (journeyman HOMo)
 13235 | D:11     | Noticed a two-headed ogre
 13244 | D:11     | Killed a two-headed ogre
 13417 | D:11     | Killed an unseen horror
 13531 | D:11     | Noticed Nergalle
 13539 | D:11     | Killed Nergalle
 13697 | D:11     | Killed an unseen horror
 13843 | D:11     | Killed an unseen horror
 13962 | D:11     | Found a staircase to the Lair.
 14309 | D:12     | Found Pozudopu's Weapon Shop.
 14310 | D:12     | Noticed a purple ugly thing
 14406 | D:12     | Killed an unseen horror
 14505 | D:12     | Offered knowledge of Dazzling Spray by Vehumet.
 14656 | D:11     | Reached skill level 5 in Armour
 15003 | D:12     | Reached skill level 7 in Dodging
 15018 | D:12     | Killed a purple ugly thing
 15102 | D:12     | Noticed a six-headed hydra
 15103 | D:12     | Noticed a two-headed ogre
 15114 | D:12     | Killed a two-headed ogre
 15148 | D:12     | Reached skill level 8 in Dodging
 15155 | D:12     | Noticed a purple ugly thing
 15199 | D:11     | Killed a purple ugly thing
 15360 | D:12     | Killed a six-headed hydra
 15360 | D:12     | Reached skill level 9 in Dodging
 15360 | D:12     | Reached XP level 12. HP: 68/68 MP: 6/28
 15408 | D:12     | Reached **** piety under Vehumet
 15675 | D:11     | Offered knowledge of Fulminant Prism by Vehumet.
 15803 | D:11     | Reached skill level 10 in Dodging
 16104 | D:12     | Found a staircase to the Orcish Mines.
 16104 | D:12     | Found Vumpe's Armour Shop.
 16112 | D:12     | Bought a +0 helmet for 81 gold pieces
 16214 | D:12     | Reached skill level 11 in Dodging
 16665 | D:13     | Noticed a vault guard
 16668 | D:13     | Reached skill level 12 in Dodging
 16888 | D:13     | Reached skill level 1 in Evocations
 17028 | D:13     | Killed a vault guard
 17601 | D:13     | Reached skill level 5 in Evocations
 17639 | D:13     | Reached ***** piety under Vehumet
 17639 | D:13     | Offered knowledge of Irradiate by Vehumet.
 17982 | D:13     | Found a gate to the Vaults.
 18428 | D:14     | Found Kiety's Assorted Antiques.
 18491 | D:14     | Noticed a catoblepas
 18504 | D:14     | Killed a catoblepas
 19058 | D:15     | Entered Level 15 of the Dungeon
 19146 | Lair:1   | Entered Level 1 of the Lair of Beasts
 19568 | Lair:1   | Noticed an eight-headed hydra
 19574 | Lair:1   | Killed an eight-headed hydra
 19574 | Lair:1   | Reached XP level 13. HP: 72/72 MP: 13/30
 20431 | Lair:1   | You fall into a shaft and drop 1 floor!
 20490 | Lair:2   | Found a staircase to the Shoals.
 20555 | Lair:2   | Found a hole to the Spider Nest.
 20925 | Lair:2   | Found a gate leading to a gauntlet.
 20940 | Gauntlet | Entered a Gauntlet
 20940 | Gauntlet | Found a transporter.
 20940 | Gauntlet | Found a transporter.
 20944 | Gauntlet | Found a transporter.
 20944 | Gauntlet | Found a transporter.
 20982 | Gauntlet | Found a transporter.
 20997 | Gauntlet | Found a transporter.
 21017 | Gauntlet | Found a transporter.
 21030 | Gauntlet | Found a transporter.
 21049 | Gauntlet | Found a transporter.
 21140 | Gauntlet | Found a transporter.
 21158 | Gauntlet | Found a transporter.
 21164 | Gauntlet | Found a transporter.
 21196 | Gauntlet | Found a transporter.
 21245 | Gauntlet | Found a transporter.
 21263 | Gauntlet | Found a transporter.
 21282 | Gauntlet | Found a transporter.
 21556 | Gauntlet | Learned a level 6 spell: Bolt of Fire
 21879 | Gauntlet | Got a crude tin ring
 21879 | Gauntlet | Killed from afar by a hell hog

Levels and vault maps discovered:
D:1:      dpeg_arrival_windows_large_door, layout_basic
D:2:      layout_basic, chequers_temple_overflow_minitemple, elyvilon_altar_3,
          overflow_temple_1_default
D:3:      layout_rooms, first_ration, st_stairs_5
D:4:      layout_basic
D:5:      layout_layer_cave, grunt_temple_overflow_growth_and_decay,
          temple_green, ebering_ghost_rock_garden, water_boxes_lemuel,
          uniq_sigmund
D:6:      layout_cave_pods, ashenzari_altar_1, nicolae_ossuary_entry_plus,
          xom_confusion_cloud
D:7:      layout_loops_ring, nicolae_dithmenos_shadow_blocks, uniq_menkaure
D:8:      layout_cave_pods, hangedman_ranch [blue_anna_fruit_fields],
          uniq_joseph
D:9:      layout_stronghold
D:10:     layout_gridville, ebering_ghost_reflecting_pool, nicolae_wwwww
D:11:     layout_loops_ring, lair_entry_dummy, uniq_nergalle
D:12:     minmay_weird_star, layout_cave_pools, orc_david_3, serial_shops, shop,
          lemuel_nasty_fountain
D:13:     layout_roguey [special_room_orc], david_vaults_4,
          lemuel_another_geyser
D:14:     layout_basic, minmay_misc_feat_cross, serial_shops, shop,
          minmay_variable_closet
D:15:     hangedman_depths_entry_civil_slaughter, layout_long_grid,
          hangedman_abyss_or_decor_passed
Temple:   jpeg_temple_clearing
Lair:1:   layout_small_grid, grunt_megastairs_2, infiniplex_staircase_pool_2
Lair:2:   layout_small_grid, shoals_dummy_entry, spider_nest_entry_rubble,
          gauntlet_entry_generic, minmay_lindwurm_lava
Gauntlet: gammafunk_gauntlet_branching [gammafunk_gauntlet_arena_spirals,
          gammafunk_gauntlet_arena_hedges,
          gammafunk_gauntlet_arena_split_diamond, gammafunk_gauntlet_arena_open,
          nicolae_gauntlet_swirl, nicolae_gauntlet_arena_quarters,
          gammafunk_gauntlet_arena_mazey, nicolae_gauntlet_arena_flowing_pool,
          gauntlet_exit_watery]

Skill      XL: |  1  2  3  4  5  6  7  8  9 10 11 12 13 |
---------------+----------------------------------------+-----
Spellcasting   | 5 6 7 8 9 10 11 | 11.0
Conjurations   | 3 5 6 8 9 10 11 | 11.9
Air Magic      | 1 2 4 |  4.0
Poison Magic   | 1 2 4 |  4.0
Translocations | 3 |  3.1
Fire Magic     | 2 4 |  4.1
Dodging        | 6 9 12 | 12.1
Fighting       | 3 5 |  5.2
Earth Magic    | 6 9 |  9.0
Armour         | 5 |  5.0
Evocations     | 7 |  7.1
Stealth        | |  2.4
Shields        | |  0.1
Summonings     | |  1.2

Action                   |  1- 3 |  4- 6 |  7- 9 | 10-12 | 13-15 || total
-------------------------+-------+-------+-------+-------+-------++-------
Melee: Unarmed           |     3 |       |       |       |       ||     3
       Long sword        |       |     8 |    51 |       |       ||    59
       Dagger            |       |       |    49 |     3 |       ||    52
       Halberd           |       |       |       |    21 |       ||    21
       Staff             |       |       |       |     5 |       ||     5
Throw: Dart              |       |       |     5 |    15 |       ||    20
 Cast: Magic Dart        |    94 |   109 |   273 |    91 |       ||   567
       Call Imp          |     2 |    13 |    53 |     8 |     2 ||    78
       Mephitic Cloud    |       |     6 |    16 |    22 |       ||    44
       Blink             |       |     2 |    10 |    14 |     2 ||    28
       Slow              |       |     1 |     6 |     6 |       ||    13
       Conjure Flame     |       |       |     6 |    16 |       ||    22
       Throw Flame       |       |       |    15 |   134 |    16 ||   165
       Stone Arrow       |       |       |       |   304 |    60 ||   364
       Bolt of Fire      |       |       |       |       |     3 ||     3
Evoke: Staff of energy   |       |       |       |    12 |    21 ||    33
       Wand              |       |       |       |     9 |       ||     9
  Use: Scroll            |       |       |    11 |     6 |     4 ||    21
       Potion            |       |       |     2 |     1 |       ||     3
 Stab: Confused          |       |       |     7 |       |       ||     7
       Sleeping          |       |       |       |     2 |       ||     2
  Eat: Chunk             |     1 |     8 |    10 |    21 |     4 ||    44
       Ration            |       |       |     2 |     3 |     1 ||     6
Armor: Robe              |     4 |    10 |    73 |     5 |       ||    92
       Steam dragon scal |       |       |       |    89 |     6 ||    95
Dodge: Dodged            |     8 |    28 |   147 |   199 |    15 ||   397
       Rpst.: Long sword |       |     9 |    34 |       |       ||    43

Table legend:
 A = Non-vault XP
 B = Vault XP
 C = Vault XP percentage of total XP
 D = Non-vault monster count
 E = Vault monster count
 F = Vault count percentage of total count
                 A         B        C        D         E       F
            +---------+---------+-------+---------+---------+-------
      Total |   35758 |    9334 |  20.7 |     291 |      72 |  19.8
            +---------+---------+-------+---------+---------+-------
        D:1 |      50 |       0 |   0.0 |      30 |       0 |   0.0
        D:2 |      77 |       0 |   0.0 |      11 |       0 |   0.0
        D:3 |      36 |      14 |  28.0 |       6 |       2 |  25.0
        D:4 |     410 |       0 |   0.0 |      16 |       0 |   0.0
        D:5 |     704 |     203 |  22.4 |      22 |       1 |   4.3
        D:6 |     433 |     104 |  19.4 |      14 |       2 |  12.5
        D:7 |     459 |     169 |  26.9 |      12 |       1 |   7.7
        D:8 |     864 |    1973 |  69.5 |      17 |       8 |  32.0
        D:9 |    2008 |       0 |   0.0 |      20 |       0 |   0.0
       D:10 |    4560 |       0 |   0.0 |      34 |       0 |   0.0
       D:11 |    6460 |     932 |  12.6 |      31 |       3 |   8.8
       D:12 |    7708 |       3 |   0.0 |      35 |       1 |   2.8
       D:13 |    3496 |    2867 |  45.1 |      13 |      28 |  68.3
       D:14 |    1742 |       0 |   0.0 |       8 |       0 |   0.0
       D:15 |     534 |       0 |   0.0 |       1 |       0 |   0.0
     Lair:1 |    5043 |      90 |   1.8 |      16 |       1 |   5.9
     Lair:2 |    1174 |     207 |  15.0 |       5 |       1 |  16.7
    Ossuary |       0 |     276 | 100.0 |       0 |      16 | 100.0
   Gauntlet |       0 |    2496 | 100.0 |       0 |       8 | 100.0
            +---------+---------+-------+---------+---------+-------
